 Dungeon Sprint DCSS version 0.30-a0-1155-gf8af5b4991 (webtiles) character file.

Game seed: 4750293975902179196

8 Jewman the Trooper (level 2, -3/25 HPs)
             Began as a Demonspawn Fighter on Apr 24, 2023.
             Slain by a black bear (4 damage)
             ... in the Dungeon (Sprint IX: "|||||||||||||||||||||||||||||").
             The game lasted 00:00:08 (48 turns).

Jewman the Trooper (Demonspawn Fighter)               Turns: 48, Time: 00:00:09

Health: -3/25      AC:  6    Str: 16    XL:     2   Next: 0%
Magic:  2/2        EV:  8    Int:  9    God:
Gold:   0          SH:  4    Dex: 12    Spells: 1/1 levels left

rFire   . . .        a - +0 flail
rCold   . . .        c - +0 buckler
rNeg    . . .        b - +0 scale mail
rPois   .            (no helmet)
rElec   .            (no cloak)
rCorr   .            (no gloves)
SInv    .            (no boots)
Will    .....        (no amulet) Stlth
                     (no ring)
HPRegen 0.24/turn    (no ring)
MPRegen 0.16/turn

%: no teleportation
@: no status effects
A: magic regeneration
a: no special abilities


You were in the Dungeon.
You visited 1 branch

Inventory:

Hand Weapons
 a - a +0 flail (weapon)
Armour
 b - a +0 scale mail (worn)
 c - a +0 buckler (worn)
Scrolls
 j - a scroll of blinking
Potions
 d - a potion of might
 e - a potion of curing
 f - a potion of heal wounds
 g - a potion of haste
 h - 2 potions of magic
 i - a potion of berserk rage


   Skills:
 + Level 3.7 Fighting
 + Level 2.1 Maces & Flails
 + Level 3.3 Armour
 + Level 3.2 Shields


You had one spell level left.
You didn't know any spells.
Your spell library was empty.

Dungeon Overview and Level Annotations

Branches:
Dungeon (1/1)

Altars:


Innate Abilities, Weirdness & Mutations

You regenerate magic rapidly.


Message History

The black bear claws you. You block the black bear's attack. x2
The black bear claws you but does no damage.
The black bear completely misses you.
You barely miss the black bear. The black bear bites you.
The black bear completely misses you.
The black bear claws you but does no damage.
You completely miss the black bear.
The black bear bites you but does no damage.
You block the black bear's attack.
The black bear claws you but does no damage.
You hit the black bear but do no damage.
The black bear closely misses you. You block the black bear's attack.
The black bear closely misses you. The black bear barely misses you. x2
The black bear claws you but does no damage.
You hit the black bear but do no damage.
The black bear bites you but does no damage.
The black bear claws you. x2
You hit the black bear.
The black bear is lightly wounded.
The black bear barely misses you. You block the black bear's attack.
The black bear closely misses you.
You barely miss the black bear.
The black bear is lightly wounded.
The black bear bites you. The black bear claws you.
* * * LOW HITPOINT WARNING * * *
The black bear claws you but does no damage.
The black bear bites you.
* * * LOW HITPOINT WARNING * * *
The black bear barely misses you.
The black bear claws you but does no damage.
You are too injured to fight recklessly!
You are too injured to fight recklessly!
You are too injured to fight recklessly!
You are too injured to fight recklessly!
You sock the black bear!
The black bear is heavily wounded.
You block the black bear's attack. The black bear claws you.
* * * LOW HITPOINT WARNING * * *
The black bear claws you.
You die...

▓.▓
▓.▓
▓.▓
▓)▓
▓.▓
▓.▓
▓.▓
▓.▓
▓@▓
▓h▓
▓r▓
▓l▓
▓5▓
▓o▓
▓.▓
▓+▓


You could see a black bear, an iguana, an orc, an ufetubus and a quokka.

Vanquished Creatures
  A dart slug (D)
  A goblin (D)
  2 hobgoblins (D)
  A kobold (D)
5 creatures vanquished.

Notes
Turn   | Place    | Note
-------+----------+-------------------------------------------
     0 | D        | Jewman the Demonspawn Fighter began the quest for the Orb.
     0 | D        | Reached XP level 1. HP: 18/18 MP: 1/1
    19 | D        | Gained mutation: You regenerate magic rapidly. [demonic
                  | ancestry]
    19 | D        | Reached XP level 2. HP: 21/25 MP: 2/2
    39 | D        | Noticed a black bear
    48 | D        | HP: 1/25 [black bear (2)]
    48 | D        | Slain by a black bear

Illustrated notes

Levels and vault maps discovered:
D:        linesprint [early_d, line_temple, items_1, d_10, items_2, lair_1,
          lair_end, items_3, orc_1, orc_end, items_4, d_15, swamp_1, shoals_1,
          snake_1, spider_1, d_20, vaults_1, items_5, swamp_end, shoals_end,
          snake_end, spider_end, vaults_end, d_27, items_6, zot_1, zot_end,
          crypt_end, forest_end, elf_end, slime_end, tomb_end, abyss_end,
          pan_hell_end]

Skill      XL: |  1 |
---------------+----+-----
Armour         | 3 |  3.3
Shields        | 3 |  3.2
Maces & Flails | 2 |  2.1
Fighting       | |  3.7

Action                     || total
---------------------------++-------
  Melee: Flail             ||    24
 Armour: Scale mail        ||    13
  Dodge: Dodged            ||    16
  Block: Buckler           ||     9

Table legend: (Time is in decaauts)
 A = Elapsed time spent in this place.
 B = Non-inter-level travel time spent in this place.
 C = Inter-level travel time spent in this place.
 D = Time resting spent in this place.
 E = Time spent auto-exploring this place.
 F = Levels seen in this place.
 G = Mean time per level.
                   A        B        C        D        E       F      G
               +--------+--------+--------+--------+--------+-----+--------+
         Total |     56 |     56 |      0 |      0 |     23 |   1 |   56.0 |
       Dungeon |     56 |     56 |      0 |      0 |     23 |   1 |   56.0 |
               +--------+--------+--------+--------+--------+-----+--------+

Top non-repeatable levels by time:
       D: 56 daAuts
